 Dungeon Crawl Stone Soup version 0.31-a0-435-g2c6fae2916 (webtiles) character file.

Game seed: 1585617074814490926

163 randomguy2701 the Gusty (level 5, 0/28 HPs)
             Began as a Tengu Air Elementalist on Aug 2, 2023.
             Slain by a sky beast (2 damage)
             ... on level 6 of the Dungeon.
             The game lasted 00:06:06 (3631 turns).

randomguy2701 the Gusty (Tengu Air Elementalist)    Turns: 3631, Time: 00:06:07

Health: 0/28       AC:  3    Str:  8    XL:     5   Next: 44%
Magic:  9/10       EV: 15    Int: 18    God:
Gold:   150        SH:  0    Dex: 14    Spells: 9/10 levels left

rFire   . . .        n - +9 dagger "Acwedull" {protect, Fly rElec}
rCold   . . .        (no shield)
rNeg    . . .        a - +0 robe
rPois   .            (helmet restricted)
rElec   +            o - +0 cloak
rCorr   .            (no gloves)
SInv    .            (boots unavailable)
Will    .....        (no amulet)
Stlth   ++           (no ring)
HPRegen 0.24/turn    (no ring)
MPRegen 0.12/turn

%: no passive effects
@: marked, flying quickly and evasively, quick
A: beak, talons 3, nimble flight
a: no special abilities


You were on level 6 of the Dungeon.
You visited 1 branch of the dungeon, and saw 6 of its levels.

You collected 150 gold pieces.

Inventory:

Hand Weapons
 m - a +4 whip
 n - the +9 dagger "Acwedull" (weapon) {protect, Fly rElec}
   (You took it off a goblin on level 3 of the Dungeon)

   rElec:     It insulates you from electricity.
   Fly:       It grants you flight.
Armour
 a - a +0 robe (worn)
 o - a +0 cloak (worn)
Scrolls
 c - 3 scrolls of vulnerability {unknown}
 d - a scroll of revelation {unknown}
 e - 8 scrolls of identify {unknown}
 h - a scroll of teleportation {unknown}
 j - 3 scrolls of acquirement {unknown}
Potions
 b - 2 potions of magic
 f - a potion of enlightenment {unknown}
 g - 2 potions of invisibility {unknown}
 i - a potion of mutation {unknown}
 k - a potion of attraction {unknown}
 l - 3 potions of curing {unknown}
 p - a potion of degeneration {unknown}


   Skills:
 + Level 2.3 Dodging
 + Level 2.2 Stealth
 + Level 3.1 Spellcasting
 + Level 3.4 Conjurations
 + Level 5.9 Air Magic


You had 9 spell levels left.
You knew the following spells:

 Your Spells              Type           Power      Damage    Failure   Level
a - Shock                 Conj/Air       76%        1d7       2%          1

Your spell library contained the following spells:

 Spells                   Type           Power      Damage    Failure   Level
 Static Discharge         Conj/Air       38%        2-4/arc   3%          2
 Swiftness                Air            24%        N/A       4%          3
 Cigotuvi's Dreadful Rot  Necr/Pois/Air  18%        N/A       11%         2
 Airstrike                Air            12%        2d(2-18)  14%         4
 Dispel Undead            Necr           2%         3d7       85%         4
 Death Channel            Necr           1%         N/A       100%        6


Dungeon Overview and Level Annotations

Branches:
Dungeon (7/15)
 Temple: D:4-7

Altars:
Sif Muna


Innate Abilities, Weirdness & Mutations

You have a beak for a mouth.
You have claws for feet.
Your magical nature lets you fly swiftly and evasively.


Message History

A centaur comes into view.
Found a scroll labelled XEIHYTS NINN.
Found a glowing rapier.
An adder comes into view.
The adder hisses angrily.
A sourceless malevolence fills the Dungeon...
With a horrendous wail, an alarm goes off!
A sentinel's mark forms upon you.
You hear a shout!
You hear an angry growl.
You hear a shout! x14
You hear a distant slurping noise.
A jelly comes into view.
A sleepcap comes into view.
The adder attacks as you move away! The adder bites you but does no damage.
The adder attacks as you move away! The adder closely misses you.
The adder attacks as you move away! The adder bites you.
The adder barely misses you. The adder attacks as you move away!
The adder closely misses you. The adder attacks as you move away!
The adder misses you. The adder misses you.
You puncture the adder!
Your weapon exudes an aura of protection.
You kill the adder!
Unknown command.
The zap hits the jelly.
The jelly is moderately wounded.
The centaur wields a +0 shortbow.
The centaur shoots an arrow.
The arrow hits you!
The centaur shoots an arrow.
The arrow hits you.
Unknown command.
Casting: Shock (safe; 2% risk of failure)
Confirm with . or Enter, or press ? or * to list all spells.
You don't know that spell.
The centaur shoots an arrow.
The arrow hits you!
* * * LOW HITPOINT WARNING * * *
The jelly completely misses you.
A sky beast comes into view.
The sky beast flickers out of sight!
Deactivating autopickup; reactivate with Ctrl-A.
Something hits you.
* * * LOW HITPOINT WARNING * * *
Something shocks you. You resist.
You die...

#......# #......#.
#........ ##
####.............
#........#.......
#f#.....#.#......
##.#....#.#.#.....
#J.....#.#.#.#....
#@{...#.#.#.#.#...
##....#.#.#.#.#.#..
#....#.#.#.#.#.#.#.
#...#.#.#.#.#.#.#.#
#..#.#.#.#.#.#.#.#.
#...#.#.#.#.#.#.#.#
#....#.#.#.#.#.#.#.
##....#.#.#.#.#.#..
##....#.#.#.#.#...


You could see a sleepcap and a jelly.

Vanquished Creatures
  An orc priest (D:2)
  An orc wizard (D:2)
  4 adders
  A worm (D:2)
  4 dart slugs
  3 orcs (D:2)
  5 endoplasms
  6 giant cockroaches
  6 goblins
  A hobgoblin (D:1)
  4 jackals (D:2)
  5 kobolds
  A quokka (D:2)
  5 ball pythons
  9 bats
  2 frilled lizards
  5 rats
63 creatures vanquished.

Notes
Turn   | Place    | Note
-------+----------+-------------------------------------------
     0 | D:1      | randomguy2701 the Tengu Air Elementalist began the quest
                  | for the Orb.
     0 | D:1      | Reached XP level 1. HP: 10/10 MP: 4/4
   222 | D:1      | Reached XP level 2. HP: 15/15 MP: 3/6
  1273 | D:2      | Reached XP level 3. HP: 19/19 MP: 4/7
  1724 | D:2      | Reached XP level 4. HP: 8/24 MP: 0/8
  1835 | D:2      | Reached skill level 5 in Air Magic
  1958 | D:2      | Gained mutation: Your magical nature lets you fly swiftly
                  | and evasively. [Tengu growth]
  1958 | D:2      | Reached XP level 5. HP: 11/28 MP: 2/10
  2829 | D:3      | Identified the +9 dagger "Acwedull" {protect, Fly rElec}
  3358 | D:4      | You are sucked into a shaft and drop 3 floors!
  3539 | D:7      | Found a shimmering blue altar of Sif Muna.
  3583 | D:6      | Noticed a centaur
  3627 | D:6      | Noticed a sky beast
  3631 | D:6      | Slain by a sky beast

Illustrated notes

Levels and vault maps discovered:
D:1:      lightli_arrival_statue_moat, layout_loops_cross,
          minmay_misc_feat_room, minivault_5
D:2:      layout_basic, fountainhead, minmay_pentomino_r2
D:3:      layout_rooms
D:4:      layout_gridville, hangedman_abyss_or_decor_slice,
          minmay_misc_feat_nine_boxes
D:6:      layout_gridville, grunt_temple_overflow_forces_of_nature,
          serial_bayou, serial_bayou_shore_b, serial_bayou_pond_c,
          serial_bayou_pond_c, serial_bayou_shore_b, nicolae_the_louvre
D:7:      layout_layer_cave, mainiacjoe_overflow_chevrons, glass_columns_b

Skill      XL: |  1  2  3  4 |
---------------+-------------+-----
Conjurations   | 2 3 |  3.4
Air Magic      | 5 |  5.9
Spellcasting   | 3 |  3.1
Dodging        | |  2.3
Stealth        | |  2.2

Action                     |  1- 3 |  4- 6 || total
---------------------------+-------+-------++-------
  Melee: Unarmed           |    12 |     4 ||    16
         Peck              |     2 |     1 ||     3
         Kick              |     1 |     2 ||     3
         Whip              |       |     1 ||     1
         Dagger            |       |     1 ||     1
   Cast: Shock             |    74 |    65 ||   139
 Armour: Robe              |     4 |     1 ||     5
  Dodge: Dodged            |    23 |    13 ||    36

Table legend: (Time is in decaauts)
 A = Elapsed time spent in this place.
 B = Non-inter-level travel time spent in this place.
 C = Inter-level travel time spent in this place.
 D = Time resting spent in this place.
 E = Time spent auto-exploring this place.
 F = Levels seen in this place.
 G = Mean time per level.
                   A        B        C        D        E       F      G
               +--------+--------+--------+--------+--------+-----+--------+
         Total |   3511 |   3383 |    128 |      0 |   2978 |   6 |  585.2 |
       Dungeon |   3511 |   3383 |    128 |      0 |   2978 |   6 |  585.2 |
               +--------+--------+--------+--------+--------+-----+--------+

Top non-repeatable levels by time:
     D:2: 1424 daAuts
     D:1: 1184 daAuts
     D:3: 646 daAuts
     D:7: 182 daAuts
     D:6: 66 daAuts
     D:4: 8 daAuts
